 Dungeon Crawl Stone Soup version 0.26.1-11-gd32895ea62 (webtiles) character file.

Game seed: 15827546110844074272

290 Zeld the Spear-Bearer (level 6, -13/44 HPs)
             Began as a Merfolk Gladiator on May 25, 2021.
             Mangled by an ogre
             ... wielding a +0 giant club
              (18 damage)
             ... on level 5 of the Dungeon.
             The game lasted 00:05:48 (5459 turns).

Zeld the Spear-Bearer (Merfolk Gladiator)           Turns: 5459, Time: 00:05:49

Health: -13/44     AC:  5    Str: 16 (17) XL:     6   Next: 32%
Magic:  6/6        EV: 14    Int: 12 (13) God:
Gold:   347        SH:  0    Dex: 14 (17) Spells: 5/5 levels left

rFire    . . .     SeeInvis +   a - +0 trident
rCold    . . .     Faith    .   (no shield)
rNeg     . . .     Spirit   .   u - +0 robe "Oneibuck" {Int+6 SInv}
rPois    .         Reflect  .   c - +0 helmet
rElec    .         Harm     .   (no cloak)
rCorr    .         Rampage  .   q - +0 pair of gloves
Will     .....                  p - +0 pair of boots
Stlth    +.........             (no amulet)
HPRegen  0.14/turn              (no ring)
MPRegen  0.10/turn              (no ring)

@: lethally poisoned (-13 -> -17), berserk cooldown, attractive, slowed, very
slow
A: change form in water, swift swim, stealthy swim, agile 1, no potion heal 1,
MP-powered wands
a: no special abilities


You were on level 5 of the Dungeon.
You visited 1 branch of the dungeon, and saw 5 of its levels.

You collected 347 gold pieces.

Inventory:

Hand Weapons
 a - a +0 trident (weapon)
Missiles
 d - 3 throwing nets (quivered)
 s - 7 boomerangs
Armour
 c - a +0 helmet (worn)
 p - a +0 pair of boots (worn)
 q - a +0 pair of gloves (worn)
 u - the +0 robe "Oneibuck" (worn) {Int+6 SInv}
   (You found it on level 4 of the Dungeon)

   It affects your intelligence (+6).
   It lets you see invisible.
Scrolls
 b - 6 scrolls of identify
 e - 2 scrolls of teleportation
 j - a scroll of remove curse
 k - 2 scrolls of magic mapping
Potions
 f - 3 potions of degeneration
 g - a potion of mutation
 h - 2 potions of attraction


   Skills:
 - Level 2.1 Fighting
 * Level 9.9 Polearms
 - Level 2.0 Throwing
 - Level 4.0 Dodging


You had 5 spell levels left.
You didn't know any spells.
Your spell library contained the following spells:

 Spells                   Type           Power        Failure   Level
 Summon Small Mammal      Summ           0%           32%         1
 Call Imp                 Summ           0%           45%         2
 Call Canine Familiar     Summ           0%           69%         3
 Summon Guardian Golem    Hex/Summ       0%           69%         3
 Summon Ice Beast         Ice/Summ       0%           97%         4
 Summon Lightning Spire   Summ/Air       0%           97%         4


Dungeon Overview and Level Annotations

Branches:
Dungeon (5/15)
 Temple: D:4-7

Altars:
Dithmenos
Nemelex Xobeh
Qazlal
Xom
Yredelemnul
Zin


Innate Abilities, Weirdness & Mutations

You revert to your normal form in water.
You are very nimble and swift while swimming.
You are very stealthy in the water. (Stealth+)
You are agile. (Dex +2)
Potions are less effective at restoring your health.
You expend magic power (3 MP) to strengthen your wands.


Message History

The orc hits you with a +0 trident.
* * * LOW HITPOINT WARNING * * *
You hit the orc.
The orc is moderately wounded.
* * * LOW HITPOINT WARNING * * *
You feel sick. The orc hits you but does no damage.
You hit the orc.
The orc is severely wounded.
* * * LOW HITPOINT WARNING * * *
You feel sick. The orc closely misses you.
Unknown command.
You puncture the orc!
You kill the orc!
* * * LOW HITPOINT WARNING * * *
You feel sick.
You feel your strength returning.
* * * LOW HITPOINT WARNING * * *
You feel sick.
The ogre hits you with a +0 giant club!!
You die...

....#####...#### ###..
###....## +...
#.......## #...
#...).)..# #..+..).#.#
#..###### # #+##
..#..## ...#
...#...###########
...+....#...'...@O)...#
####....###########'###
........ .... .....<..
..o...( ........
.......... ........
........... ........
####'#####'# ......##
.. .. ......#


You could see an ogre.

Vanquished Creatures
  2 orc priests
  2 orc wizards
  A gnoll (D:1)
  4 adders (D:2)
  An ufetubus (D:5)
  An ooze (D:1)
  An adder skeleton (D:4)
  2 worms (D:2)
  A dart slug (D:1)
  3 leopard geckos (D:3)
  9 orcs
  13 bats
  7 giant cockroaches
  11 goblins
  8 hobgoblins
  8 jackals
  7 frilled lizards
  A jackal skeleton (D:4)
  10 kobolds
  A quokka skeleton (D:4)
  9 rats
102 creatures vanquished.

Notes
Turn   | Place    | Note
-------+----------+-------------------------------------------
     0 | D:1      | Zeld the Merfolk Gladiator began the quest for the Orb.
     0 | D:1      | Reached XP level 1. HP: 16/16 MP: 1/1
   450 | D:1      | Reached skill level 5 in Polearms
   491 | D:1      | Reached XP level 2. HP: 22/22 MP: 2/2
  1119 | D:1      | Reached skill level 6 in Polearms
  1119 | D:1      | Reached XP level 3. HP: 19/27 MP: 3/3
  2203 | D:2      | Reached skill level 7 in Polearms
  2203 | D:2      | Reached XP level 4. HP: 30/33 MP: 4/4
  2259 | D:2      | Found a sparkling altar of Nemelex Xobeh.
  2909 | D:2      | Reached skill level 8 in Polearms
  2962 | D:2      | Reached XP level 5. HP: 37/38 MP: 5/5
  3841 | D:3      | Found a shimmering altar of Xom.
  3880 | D:3      | Found a shadowy altar of Dithmenos.
  4697 | D:4      | Reached skill level 9 in Polearms
  4786 | D:4      | Got a faintly glowing robe
  4820 | D:4      | Reached XP level 6. HP: 42/44 MP: 6/6
  4831 | D:4      | Identified the cursed +0 robe "Oneibuck" {Int+6 SInv} (You
                  | found it on level 4 of the Dungeon)
  4929 | D:4      | Found a glowing silver altar of Zin.
  4929 | D:4      | Found a basalt altar of Yredelemnul.
  4929 | D:4      | Found a stormy altar of Qazlal.
  5172 | D:5      | Entered Level 5 of the Dungeon
  5440 | D:5      | Gained mutation: Potions are less effective at restoring
                  | your health. [potion of mutation]
  5440 | D:5      | Gained mutation: You expend magic power (3 MP) to
                  | strengthen your wands. [potion of mutation]
  5440 | D:5      | Gained mutation: You are agile. (Dex +2) [potion of
                  | mutation]
  5440 | D:5      | HP: 2/44 [orc priest/+0 dagger of venom (4)]
  5459 | D:5      | Mangled by an ogre

Illustrated notes

Levels and vault maps discovered:
D:1:      ncdulo_lavacross, layout_basic, minmay_misc_feat_pillars,
          minmay_surrounded
D:2:      minmay_spotlight, layout_loops_ring,
          nemelex_xobeh_ov_fountains_minmay, corexii_corridor_pit
D:3:      minmay_bubble_buster, layout_basic, general_overflow_altar,
          grunt_dithmenos_smoke, bh_walls_and_bars
D:4:      layout_cave_pools, gammafunk_temple_overflow_claw, glass_columns_b
D:5:      layout_gridville, uniq_crazy_yiuf_cottage

Skill      XL: |  1  2  3  4  5 |
---------------+----------------+-----
Polearms       | 5 6 7 8 9 |  9.9
Fighting       | |  2.1
Throwing       | |  2.0
Dodging        | |  4.0

Action                   |  1- 3 |  4- 6 || total
-------------------------+-------+-------++-------
Melee: Trident           |   116 |   233 ||   349
  Use: Scroll            |       |     7 ||     7
       Potion            |       |     5 ||     5
 Stab: Sleeping          |     7 |     8 ||    15
Armor: Skin              |     8 |     7 ||    15
       Robe              |       |    25 ||    25
Dodge: Dodged            |    70 |   154 ||   224
